 Dungeon Crawl Stone Soup version 0.19.1 (console) character file.

53 Morrissey the Slasher (level 3, 0/29 HPs)
             Began as a Demonspawn Berserker on Dec 21, 2016.
             Was a Believer of Trog.
             Slain by a quokka (3 damage)
             ... on level 2 of the Dungeon.
             The game lasted 00:01:48 (891 turns).

Morrissey the Slasher (Demonspawn Berserker)         Turns: 891, Time: 00:01:48

Health: 0/29       AC:  2    Str: 18    XL:     3   Next: 64%
Magic:  3/3        EV: 12    Int:  8    God:    Trog [**....]
Gold:   37         SH:  0    Dex: 12    Spells: 0 memorised, 2 levels left

rFire  . . .     SeeInvis .     a - +0 falchion
rCold  . . .     Gourm    .     b - +0 animal skin
rNeg   . . .     Faith    .     (no shield)
rPois  .         Spirit   .     (helmet restricted)
rElec  .         Reflect  .     (no cloak)
rCorr  .         Harm     .     (no gloves)
MR     ++...                    (no boots)
Stlth  +.........               (no amulet)
                                (no ring)
                                (no ring)

@: lethally poisoned (0 -> 0), exhausted, regenerating, slowed, very slow
A: horns 2
a: Berserk, Trog's Hand, Burn Spellbooks, Renounce Religion


You were on level 2 of the Dungeon.
You worshipped Trog.
Trog was pleased with you.
You were not hungry.

You visited 1 branch of the dungeon, and saw 2 of its levels.

You collected 37 gold pieces.

Inventory:

Hand Weapons
 a - a +0 falchion (weapon)
Armour
 b - a +0 animal skin (worn)
Scrolls
 e - a scroll of teleportation {unknown}
 g - 2 scrolls of identify {unknown}
Comestibles
 c - 2 bread rations
 d - a chunk of flesh
 f - a meat ration
 i - a beef jerky


   Skills:
 + Level 3.5 Fighting
 * Level 3.9 Long Blades
 - Level 1.7 Armour
 - Level 1.7 Dodging


You had 2 spell levels left.
You didn't know any spells.

Dungeon Overview and Level Annotations

Branches:
Dungeon (2/15)

Altars:


Innate Abilities, Weirdness & Mutations

You have a pair of horns on your head.


Message History

The quokka bites you.
* * * LOW HITPOINT WARNING * * *
The adder barely misses you.
You closely miss the adder. The quokka barely misses you. The adder bites you.
* * * LOW HITPOINT WARNING * * *
You are poisoned.
The adder poisons you! The frilled lizard barely misses you.
You riposte.
You miss the frilled lizard. The quokka barely misses you.
You riposte.
You barely miss the quokka. The adder completely misses you.
You riposte.
You closely miss the adder. You headbutt the adder.
The adder is heavily wounded.
The frilled lizard bites you.
* * * LOW HITPOINT WARNING * * *
You closely miss the adder.
The adder is heavily wounded.
You feel sick. The quokka closely misses you.
You riposte.
You closely miss the quokka. The adder barely misses you.
The frilled lizard bites you but does no damage.
The quokka bites you.
You die...

...... #####..#...........
..g.... #..#........... ..
.... #...........##. ..(
... #.#.........##.
....##.######.#.........##.
#......#...............##.
#.....hwhh..............
#......#Srl.........
#......#.@.......###
#......#.......#.#
#......#.......#..#
#....w.#.......# .#
#......#.......#
#......#.......#
##.#..#####....# ##+##


You could see a worm, an adder, a quokka, 3 jackals and a frilled lizard.

Vanquished Creatures
  A gnoll (D:1)
  An adder (D:2)
  A dart slug (D:1)
  A ball python (D:1)
  4 bats (D:1)
  3 giant cockroaches (D:1)
  3 goblins
  6 hobgoblins
  A jackal (D:2)
  2 kobolds (D:1)
  2 frilled lizards
  8 rats
33 creatures vanquished.

Notes
Turn   | Place    | Note
-------+----------+-------------------------------------------
     0 | D:1      | Morrissey the Demonspawn Berserker began the quest for the Orb.
     0 | D:1      | Reached XP level 1. HP: 18/18 MP: 1/1
    47 | D:1      | Gained mutation: You have a pair of small horns on your head. [demonic ancestry]
    47 | D:1      | Reached XP level 2. HP: 24/24 MP: 2/2
   302 | D:1      | Gained mutation: You have a pair of horns on your head. [demonic ancestry]
   302 | D:1      | Reached XP level 3. HP: 28/29 MP: 3/3
   469 | D:1      | Reached ** piety under Trog
   891 | D:2      | Slain by a quokka

Skill      XL: |  1 |
---------------+----+-----
Long Blades    | 3 |  3.9
Fighting       | |  3.5
Armour         | |  1.7
Dodging        | |  1.7

Action                   || total
-------------------------++-------
Melee: Falchion          ||    71
       Headbutt          ||    14
Invok: Berserk           ||     2
       Trog's Hand       ||     1
  Use: Potion            ||     1
  Eat: Chunk             ||     2
Armor: Animal skin       ||    15
Dodge: Dodged            ||    65
       Rpst.: Falchion   ||    15
